AoeStats
← Reis

Hill Fort

504753170Analyzed
4v4 RM · 27d ago on Sep 6, 2026· 52m 19s· 8 players
Game mode
Random Map
Map size
Large (8 player)
Population
200
Speed
Normal
Resources
Standard
Victory
Conquest
Starting age
Dark Age
Ending age
Imperial Age
RankedLock teamsTeams togetherTeam positionsShared explorationLock speedFull tech treeHidden civsTurbo modeCheats
Victory
Defeat
🇧🇷 Cumans · Brazil
1648
+9
🇧🇷 Berbers · Brazil
1610
+10
🇧🇷 Spanish · Brazil
1358
+19
1355
+20
🇹🇷 Vietnamese · Türkiye
1478
-15
🇮🇹 Italians · Italy
1467
-15
🇦🇷 Persians · Argentina
1457
-14
🇨🇭 Bulgarians · Switzerland
1454
-14
Reis
9:48 Feudal Age
14:15 Loom
17:20 Castle Age
15:39 Double-Bit Axe
19:14 Scale Barding Armor
19:46 Forging
20:20 Fletching
28:43 Bodkin Arrow
40:52 Bow Saw
40:24 Horse Collar
41:45 Wheelbarrow
41:17 Heavy Plow
45:49 Imperial Age
44:05 Hand Cart
44:32 Iron Casting
43:58 Scale Mail Armor
44:25 Padded Archer Armor
44:09 Elite Skirmisher
45:49 Leather Archer Armor
46:33 Bracer
46:13 Imperial Skirmisher
46:30 Pikeman
47:10 Squires
47:17 Scale Mail Armor
47:52 Ballistics
48:33 Chemistry
49:21 Halberdier
The_OFLi
6:40 Loom
10:51 Feudal Age
13:09 Double-Bit Axe
15:28 Castle Age
14:03 Horse Collar
14:30 Stone Mining
14:34 Gold Mining
16:47 Bow Saw
18:14 Fletching
24:49 Padded Archer Armor
24:45 Bodkin Arrow
24:54 Stone Mining
26:58 Heavy Plow
27:35 Wheelbarrow
27:57 Hand Cart
28:11 Ballistics
28:39 Leather Archer Armor
32:49 Imperial Age
31:38 Thumb Ring
32:41 Town Watch
33:49 Bracer
34:43 Ring Archer Armor
36:26 Elite Rattan Archer
37:49 Pikeman
38:30 Squires
38:31 Scale Mail Armor
40:41 Chemistry
39:42 Halberdier
41:25 Chain Mail Armor
41:21 Forging
42:41 Murder Holes
43:42 Plate Mail Armor
44:56 Iron Casting
47:06 Elite Skirmisher
KanA
9:33 Loom
11:19 Feudal Age
16:14 Castle Age
14:31 Double-Bit Axe
14:48 Horse Collar
15:20 Gold Mining
16:05 Stone Mining
21:14 Wheelbarrow
24:53 Heavy Plow
26:25 Hand Cart
31:36 Imperial Age
30:00 Scale Barding Armor
29:56 Husbandry
30:07 Bloodlines
31:25 Chain Barding Armor
31:16 Forging
31:21 Cavalier
33:01 Guilds
33:30 Plate Barding Armor
33:38 Savar
34:31 Light Cavalry
36:14 Iron Casting
36:52 Bow Saw
36:18 Capped Ram
38:16 Blast Furnace
38:02 Hussar
40:08 Caravan
40:39 Coinage
42:39 Town Watch
43:55 Two-Man Saw
43:26 Crop Rotation
43:31 Gold Shaft Mining
43:33 Stone Shaft Mining
44:59 Banking
45:45 Scale Mail Armor
45:37 Fletching
45:44 Murder Holes
46:49 Chemistry
46:10 Ballistics
46:35 Conscription
45:45 Sappers
46:51 Hoardings
Guts
9:42 Loom
11:27 Feudal Age
13:27 Double-Bit Axe
16:18 Castle Age
14:14 Horse Collar
17:15 Bow Saw
17:20 Heavy Plow
21:01 Wheelbarrow
22:22 Fletching
23:43 Bodkin Arrow
23:49 Padded Archer Armor
25:04 Leather Archer Armor
27:16 Gold Mining
28:34 Ballistics
33:54 Stone Mining
37:52 Imperial Age
37:35 Stone Shaft Mining
37:14 Masonry
38:24 Elite Genoese Crossbowman
39:12 Bracer
40:15 Chemistry
40:14 Ring Archer Armor
SS_Tiozão
8:36 Loom
10:47 Feudal Age
16:42 Castle Age
14:57 Double-Bit Axe
18:21 Padded Archer Armor
21:17 Wheelbarrow
21:48 Leather Archer Armor
27:17 Husbandry
27:29 Bloodlines
30:12 Horse Collar
32:59 Hand Cart
36:38 Imperial Age
34:58 Gold Mining
35:20 Bow Saw
35:12 Heavy Plow
36:07 Stone Mining
36:17 Town Watch
37:05 Scale Barding Armor
37:10 Forging
36:23 Light Cavalry
37:44 Conscription
37:30 Elite Conquistador
41:38 Chain Barding Armor
42:52 Iron Casting
44:25 Fletching
45:06 Ring Archer Armor
44:58 Elite Skirmisher
45:44 Thumb Ring
45:43 Bodkin Arrow
46:11 Ballistics
47:41 Caravan
48:02 Bracer
51:15 Plate Barding Armor
53:09 Chemistry
SS_Maconheiro_Prateado
10:18 Feudal Age
12:32 Wheelbarrow
14:59 Castle Age
14:38 Double-Bit Axe
14:40 Horse Collar
17:03 Loom
20:18 Bow Saw
28:26 Imperial Age
26:30 Heavy Plow
26:37 Scale Barding Armor
26:43 Forging
27:02 Gold Mining
28:15 Bloodlines
28:07 Husbandry
28:46 Chain Barding Armor
28:38 Heavy Camel Rider
30:07 Hand Cart
30:32 Plate Barding Armor
32:01 Scale Mail Armor
31:55 Imperial Camel Rider
33:14 Chain Mail Armor
33:34 Iron Casting
33:20 Chain Mail Armor
34:14 Light Cavalry
38:07 Blast Furnace
39:50 Conscription
40:36 Elite Ghulam
41:14 Hussar
50:03 Two-Man Saw
49:07 Stone Mining
49:52 Gold Shaft Mining
SS_T3q
10:50 Feudal Age
15:12 Castle Age
13:39 Double-Bit Axe
13:50 Loom
17:27 Bow Saw
17:44 Horse Collar
23:04 Fishing Lines
24:52 Gillnets
25:42 Wheelbarrow
24:52 Town Watch
26:20 Gold Mining
26:21 Stone Mining
26:33 Heavy Plow
29:06 Fletching
29:17 Padded Archer Armor
32:16 Imperial Age
30:25 Bodkin Arrow
30:58 Ballistics
31:30 Leather Archer Armor
33:31 Bracer
34:02 Ring Archer Armor
34:33 Chemistry
34:27 Conscription
34:28 Elite Camel Archer
35:26 Thumb Ring
35:38 Bloodlines
35:29 Husbandry
36:16 Hand Cart
36:08 Maghrebi Camels
36:08 Kasbah
37:44 Crop Rotation
37:51 Gold Shaft Mining
37:51 Stone Shaft Mining
38:19 Masonry
39:49 Caravan
40:34 Scale Barding Armor
40:40 Forging
41:01 Coinage
42:14 Guilds
42:35 Banking
43:33 Chain Barding Armor
43:48 Iron Casting
45:47 Plate Barding Armor
44:34 Light Cavalry
49:11 Blast Furnace
48:52 Hussar
SS_Spectro
8:59 Feudal Age
9:44 Double-Bit Axe
10:19 Horse Collar
20:20 Castle Age
19:15 Gold Mining
20:24 Scale Barding Armor
20:54 Forging
21:24 Bloodlines
22:07 Bow Saw
22:48 Loom
25:46 Chain Barding Armor
29:21 Iron Casting
38:12 Wheelbarrow
41:50 Imperial Age
42:06 Elite Genitour
43:03 Elite Steppe Lancer
43:48 Fletching
43:53 Light Cavalry
45:36 Chemistry
44:57 Ballistics
44:34 Bodkin Arrow
45:15 Heavy Plow
46:16 Two-Man Saw
45:19 Padded Archer Armor
45:56 Plate Barding Armor
47:29 Blast Furnace
46:46 Leather Archer Armor
46:54 Caravan
47:29 Capped Ram
48:39 Siege Ram
48:54 Hussar
51:57 Conscription
52:39 Ring Archer Armor
Connection lost

Rejoining the realm…

Still unreachable

The connection could not be restored.

Session expired

The server has moved on; the page needs a fresh start.